 Dungeon Crawl Stone Soup version 0.19.0-19-g8c6edcc (webtiles) character file.

98389 esc the Impaler (level 16, -8/136 HPs)
             Began as a Merfolk Chaos Knight on Nov 12, 2016.
             Mangled by an alligator snapping turtle (41 damage)
             ... on level 2 of the Lair of Beasts.
             The game lasted 02:20:44 (35641 turns).

esc the Impaler (Merfolk Chaos Knight)             Turns: 35641, Time: 02:20:45

Health: -8/136     AC: 14    Str: 22    XL:     16   Next: 22%
Magic:  28/28      EV: 22    Int: 24    God:    Xom [...*..]
Gold:   1619       SH:  3    Dex: 15    Spells: 3 memorised, 11 levels left

rFire  + . .     SeeInvis +     Q - +4 glaive
rCold  . . .     Gourm    .     Y - +0 ring mail "Cijumott" {rPois rF+ Int+4}
rNeg   . . .     Faith    .     (shield currently unavailable)
rPois  +         Spirit   .     (helmet restricted)
rElec  .         Reflect  +     j - +1 cloak {MR+}
rCorr  .         Harm     .     O - +0 pair of gloves
MR     +++..                    v - +2 pair of boots
Stlth  +.........               s - +3 amulet of reflection
                                Z - +5 ring of strength
                                i - ring of protection from magic {MR+, !d}

@: barbed spikes
A: change form in water, swift swim, stealthy swim, antennae 2, claws 2, rugged
brown scales 1, see invisible, agile 1, clever 2, sense surroundings 3, poison
resistance, screaming 1, strong 1
a: Renounce Religion


You were on level 2 of the Lair of Beasts.
You worshipped Xom.
You were a favourite toy of Xom.
You were not hungry.

You visited 6 branches of the dungeon, and saw 26 of its levels.
You also visited: Labyrinth and Bailey.

You collected 3020 gold pieces.
You spent 1401 gold pieces at shops.

Inventory:

Hand Weapons
 E - a +7 blowgun
   (You found it on level 6 of the Lair of Beasts)
 Q - a +4 glaive (weapon)
   (You took it off a death knight on level 14 of the Dungeon)
Missiles
 G - 5 curare-tipped needles
 K - 6 throwing nets (quivered) {=f, !d}
 T - 7 javelins
Armour
 j - a +1 cloak of magic resistance (worn)
   (You took it off Maurice on level 13 of the Dungeon)
 v - a +2 pair of boots (worn)
   (You bought it in a shop on level 2 of the Orcish Mines)
 J - a +2 robe of magic resistance
   (You found it in a labyrinth)
 O - a +0 pair of gloves (worn)
   (You found it in a labyrinth)
 Y - the +0 ring mail "Cijumott" (worn) {rPois rF+ Int+4}
   (You found it on level 9 of the Dungeon)

   It affects your intelligence (+4).
   It protects you from fire.
   It protects you from poison.
Magical Staves
 m - an uncursed staff of energy {@w1+MP, hungerless spells, !d!a}
   (Xom gifted it to you on level 11 of the Dungeon)
Jewellery
 i - a ring of protection from magic (left hand) {MR+, !d}
   (You found it on level 4 of the Lair of Beasts)
 s - a +3 amulet of reflection (around neck)
   (You found it on level 14 of the Dungeon)
 Z - a +5 ring of strength (right hand)
   (You found it on level 6 of the Lair of Beasts)
Wands
 h - a wand of heal wounds (0/9)
   (Xom gifted it to you on level 1 of the Orcish Mines)
 t - a wand of enslavement (20/24)
   (You found it on level 12 of the Dungeon)
 N - a wand of paralysis (13/24)
   (You found it on level 14 of the Dungeon)
 P - a wand of lightning (5/15)
   (You found it on level 13 of the Dungeon)
 R - a wand of digging (9/24)
   (You found it on level 9 of the Dungeon)
 U - a wand of iceblast (8/15)
   (You found it on level 12 of the Dungeon)
 W - a wand of heal wounds (3/9)
   (You found it on level 9 of the Dungeon)
Scrolls
 b - 4 scrolls of enchant weapon
 d - 5 scrolls of fog
 g - 4 scrolls of remove curse
 q - 5 scrolls of recharging
 y - a scroll of teleportation
 F - 2 scrolls of fear
 H - 3 scrolls of magic mapping {!r}
 V - a scroll of summoning
Potions
 e - 4 potions of lignification {!q}
 f - 4 potions of curing
 k - 2 potions of haste
 p - 6 potions of berserk rage {!q}
 u - 4 potions of brilliance
 w - 4 potions of agility
 A - 4 potions of heal wounds
 C - 2 potions of resistance
 D - 3 potions of magic
 I - 2 potions of flight
 L - 4 potions of might
Books
 o - a book of Annihilations
   (You found it in a labyrinth)
 S - a book of Fire
   (Xom gifted it to you on level 8 of the Dungeon)
Miscellaneous
 a - a lamp of fire
   (You found it in a labyrinth)
 M - a disc of storms
   (You found it on level 5 of the Lair of Beasts)
Comestibles
 c - 11 bread rations {@e1}
 l - 17 meat rations {@e2}
 n - a slice of pizza


   Skills:
 + Level 14.2 Fighting
 + Level 17.7 Polearms
 - Level 7.7 Armour
 + Level 16.9 Dodging
 + Level 8.0 Spellcasting
 + Level 6.7 Conjurations
 - Level 1.9 Fire Magic
 + Level 8.9 Ice Magic


You had 11 spell levels left.
You knew the following spells:

 Your Spells              Type           Power        Failure   Level  Hunger
a - Glaciate              Conj/Ice       #####.....   100%        9    #######
d - Deflect Missiles      Chrm/Air       #.........   100%        6    ######.
f - Fireball              Conj/Fire      ####......   54%         5    #####..


Dungeon Overview and Level Annotations

Branches:
Dungeon (15/15)            Temple (1/1) D:4            Lair (6/6) D:10
 Shoals (1/4) Lair:2        Snake (1/4) Lair:4        Slime (0/5) Lair:5
    Orc (2/2) D:9             Elf (0/3) Orc:2        Depths (0/5) D:15
 Vaults: D:13-14

Altars:
Ashenzari
Cheibriados
Dithmenos
Elyvilon
Fedhas
Hepliaklqana
Kikubaaqudgha
Makhleb
Nemelex Xobeh
Okawaru
Qazlal
Ru
Sif Muna
Trog
Uskayaw
Vehumet
Xom
Yredelemnul
Zin
The Shining One

Shops:
D:4 %   D:8 (   Orc:2 !**[(   Snake:1 [%

Annotations:
D:4 vible's ghost, novice HOSk
D:5 Grinder; Monkfish's ghost, novice KoBe
D:6 Zorot's ghost, novice MiFi
Lair:6 exclusion: hydra


Innate Abilities, Weirdness & Mutations

You revert to your normal form in water.
You are very nimble and swift while swimming.
You are very stealthy in the water. (Stealth+)
You have a pair of antennae on your head.
You have very sharp fingernails.
You are partially covered in rugged brown scales. (AC +1, +3% HP)
You have supernaturally acute eyesight. (SInv)
You are agile. (Dex +2)
Your mind is very acute. (Int +4)
You passively map a large area around you.
Your system is resistant to poisons. (rPois)
You occasionally shout uncontrollably at your foes.
Your muscles are strong. (Str +2)


Message History

You take 6 damage, and have 130/136 hp.
Unknown command.
Unknown command.
Unknown command.
The manticore flicks its tail.
The volley of spikes hits you!
The barbed spikes become lodged in your body.
You climb upwards.
Welcome back to the Lair of Beasts! "This might be better!"
The alligator snapping turtle seems to speed up.
There is a staircase to the Shoals here.
Unknown command.
Unknown command.
Unknown command.
Unknown command.
Unknown command.
You take 9 damage, and have 121/136 hp.
Unknown command.
Unknown command.
Unknown command.
Unknown command.
You slash the alligator snapping turtle!
The alligator snapping turtle bites you!!
You take 26 damage, and have 95/136 hp.
You slash the alligator snapping turtle!
The alligator snapping turtle completely misses you.
You slice the alligator snapping turtle!!
The alligator snapping turtle closely misses you.
You hit the alligator snapping turtle but do no damage.
The alligator snapping turtle bites you!!
You take 22 damage, and have 74/136 hp.
You hit the alligator snapping turtle but do no damage.
You block the alligator snapping turtle's attack.
You hit the alligator snapping turtle.
The alligator snapping turtle completely misses you.
Aim: an alligator snapping turtle (moderately wounded, fast, chance to defeat MR: 15%)
Okay, then.
Okay, then.
Unknown command.
Unknown command.
You reach into the bag... ...but nothing happens.
The alligator snapping turtle bites you!
You take 9 damage, and have 66/136 hp.
You reach into the bag... ...but nothing happens.
The alligator snapping turtle bites you but does no damage.
The alligator snapping turtle completely misses you.
You reach into the bag... ...but nothing happens.
The alligator snapping turtle bites you!
You take 14 damage, and have 52/136 hp.
You reach into the bag... ...and things crawl out!
The now-empty bag unravels in your hand.
The alligator snapping turtle misses you.
You hit the alligator snapping turtle but do no damage.
The alligator snapping turtle bites you!
* * * LOW HITPOINT WARNING * * *
You take 14 damage, and have 38/136 hp.
You feel much better.
This wand has 2 charges left.
The alligator snapping turtle bites you!!
* * * LOW HITPOINT WARNING * * *
You hit the alligator snapping turtle but do no damage.
Your soldier ant stings the alligator snapping turtle but does no damage.
The alligator snapping turtle bites you!!
* * * LOW HITPOINT WARNING * * *
You take 25 damage, and have 14/136 hp.
You feel much better.
This wand has 1 charge left.
The alligator snapping turtle completely misses you.
Your soldier ant stings the alligator snapping turtle but does no damage.
You regained 20 hp, and now have 34/136 hp.
You feel much better.
This wand has 0 charges left.
The alligator snapping turtle barely misses you.
Your soldier ant stings the alligator snapping turtle but does no damage.
The alligator snapping turtle bites you.
You regained 19 hp, and now have 53/136 hp.
You hit the alligator snapping turtle but do no damage.
Your soldier ant stings the alligator snapping turtle!
The alligator snapping turtle looks as sick as possible!
Your soldier ant poisons the alligator snapping turtle!
You slice the alligator snapping turtle!!
The alligator snapping turtle closely misses you.
Your soldier ant stings the alligator snapping turtle but does no damage.
You slash the alligator snapping turtle!
The alligator snapping turtle barely misses you.
Your soldier ant completely misses the alligator snapping turtle.
You slice the alligator snapping turtle!!
The alligator snapping turtle bites you.
You take 3 damage, and have 51/136 hp.
You completely miss the alligator snapping turtle.
Your soldier ant stings the alligator snapping turtle but does no damage.
The alligator snapping turtle bites you!!
* * * LOW HITPOINT WARNING * * *
You take 19 damage, and have 32/136 hp.
You slash the alligator snapping turtle!
The alligator snapping turtle completely misses you.
Your soldier ant stings the alligator snapping turtle.
You hit the alligator snapping turtle but do no damage.
The alligator snapping turtle closely misses you.
Your soldier ant stings the alligator snapping turtle but does no damage.
You hit the alligator snapping turtle but do no damage.
The alligator snapping turtle bites you!!!
You die...

...## ##...# ....##
#....# ....P# ####....#
....## #.##....# .....#
####......# ....##
#.........# ....#
###P......### ....#
#...t.....# ..#.#
##...a@..### ...##
###.......## ..###
#........###### ....##
##.......##P##.##
...P.###.....#.#.......#
......###..............#
................##.....#
......................##
.......................#


You could see an alligator snapping turtle and a friendly soldier ant.

Vanquished Creatures
  An orc warlord (Bailey)
  A spark wasp (Lair:6)
  A fire dragon (Lair:6)
  A naga warrior (Snake:1)
  6 hydras
  A ghost crab (shapeshifter) (D:10)
  2 death knights
  6 anacondas (Snake:1)
  3 centaur warriors
  An alligator (D:12)
  4 ogre magi
  2 death yaks
  2 tengu warriors (D:14)
  An orc high priest (Orc:1)
  A shock serpent (Snake:1)
  A soul eater (Lair:5)
  6 hill giants
  2 naga ritualists (Snake:1)
  4 orc knights
  2 lindwurms
  2 mana vipers (Snake:1)
  2 cyclopes
  Pikel (D:6)
  A salamander (Snake:1)
  3 ugly things
  20 elephants
  Maurice (D:13)
  A siren (Shoals:1)
  9 black mambas
  Psyche (D:9)
  8 spiny frogs
  2 torpor snails (Lair:6)
  A gargoyle (D:13)
  4 centaur skeletons
  A kobold demonologist (D:12)
  2 rime drakes
  8 komodo dragons
  3 tengu conjurers (D:14)
  An ice devil (Lair:4)
  5 trolls
  3 meliai (D:13)
  9 slime creatures
  7 polar bears
  3 hornets
  17 two-headed ogres
  12 hippogriffs
  15 blink frogs
  6 dream sheep (Lair:5)
  14 spriggans
  A redback (Lair:6)
  A centaur simulacrum (D:13)
  Sigmund (D:6)
  24 yaks
  2 vampires (D:13)
  2 shadows
  3 wyverns
  3 wraiths
  3 hungry ghosts
  A steam dragon (D:14)
  6 basilisks
  A vampire mosquito (D:12)
  3 wargs
  Menkaure (D:6)
  A mottled dragon (D:13)
  5 nagas (Snake:1)
  A swamp worm (D:10)
  2 hell hounds (D:10)
  5 porcupines
  A water moccasin (shapeshifter) (Lair:2)
  11 water moccasins
  A floating eye (shapeshifter) (D:11)
  4 sky beasts
  Duvessa (D:6)
  27 orc warriors
  5 black bears
  7 phantoms
  2 ice beasts
  3 boggarts (Lair:6)
  38 ogres
  19 centaurs
  An eye of draining (D:13)
  26 wolves
  19 crocodiles
  3 big kobolds
  17 bullfrogs
  A wyvern zombie (D:8)
  An earth elemental (Lab)
  6 scorpions
  2 wyvern skeletons
  Dowan (D:6)
  3 electric eels (Lair:4)
  2 howler monkeys
  2 bullfrog zombies
  6 crimson imps
  3 quasits
  5 centaur zombies
  6 hounds
  12 jellies
  12 orc priests
  2 bullfrog skeletons (D:13)
  22 orc wizards
  2 iguanas
  A hell rat (Lair:2)
  15 worker ants
  A hound skeleton (D:4)
  A howler monkey zombie (D:4)
  10 gnolls
  5 worker ant zombies
  17 adders
  2 shadow imps
  5 oozes
  3 adder zombies
  An adder skeleton (D:6)
  3 worms (D:3)
  A dart slug (D:2)
  9 leopard geckos
  63 orcs
  2 ball pythons
  A giant cockroach (shapeshifter) (D:3)
  6 giant cockroaches
  2 gnoll zombies (D:5)
  16 goblins
  7 hobgoblins
  6 jackals
  36 kobolds
  3 quokkas
  5 bats
  9 frilled lizards
  2 quokka skeletons (D:4)
  7 rats
  3 fungi (Lair:6)
  2 plants (Lair:4)
793 creatures vanquished.

Vanquished Creatures (collateral kills)
  A minotaur (Lab)
  The ghost of Charly the Severer, a journeyman MiBe of Trog (D:13)
  A hill giant (D:10)
  A vault sentinel (D:13)
  A hornet (Lair:6)
  A two-headed ogre (Orc:1)
  3 spriggans (Lair:6)
  A yak (Lair:6)
  A black bear (Lair:6)
  A wolf (Lair:6)
  A bullfrog zombie (D:13)
  A giant cockroach (D:6)
  A quokka skeleton (D:4)
15 creatures vanquished.

Vanquished Creatures (others)
  A dancing weapon (Lair:6)
  A troll (D:12)
  A vampire (D:13)
  3 slaves (D:6)
  A giant cockroach (D:6)
  2 bushes (Lair:6)
  48 fungi
  24 plants
81 creatures vanquished.

Grand Total: 889 creatures vanquished

Notes
Turn   | Place    | Note
-------+----------+-------------------------------------------
     0 | D:1      | esc the Merfolk Chaos Knight began the quest for the Orb.
     0 | D:1      | Reached XP level 1. HP: 18/18 MP: 1/1
     3 | D:1      | XOM: harmless Erth miscast
    39 | D:1      | Reached skill level 3 in Dodging
   177 | D:1      | Reached XP level 2. HP: 21/24 MP: 2/2
   243 | D:1      | XOM: butterfly on damage
   491 | D:1      | XOM: divination: detect items
   645 | D:1      | XOM: harmless Air miscast
   819 | D:1      | Reached XP level 3. HP: 29/29 MP: 3/3
   934 | D:2      | Reached skill level 5 in Polearms
  1171 | D:2      | Reached skill level 4 in Dodging
  1171 | D:2      | Reached XP level 4. HP: 30/37 MP: 4/4
  1448 | D:2      | XOM: mild Ice miscast
  1472 | D:3      | XOM: harmless Summ miscast
  1602 | D:3      | Reached skill level 4 in Fighting
  1815 | D:3      | Reached XP level 5. HP: 40/42 MP: 5/5
  1959 | D:3      | Reached skill level 1 in Armour
  1992 | D:3      | Found an iron altar of Okawaru.
  1994 | D:3      | Found a bloodstained altar of Trog.
  2012 | D:3      | XOM: divination: magic mapping
  2077 | D:3      | Reached skill level 6 in Polearms
  2211 | D:3      | XOM: harmless Necr miscast
  2275 | D:4      | XOM: harmless Conj miscast
  2277 | D:4      | Noticed vible's ghost (novice HOSk)
  2360 | D:4      | XOM: potion effect (haste)
  2364 | D:4      | XOM: smoke on damage
  2451 | D:4      | Found a staircase to the Ecumenical Temple.
  2480 | Temple   | Entered the Ecumenical Temple
  2486 | Temple   | Reached skill level 5 in Dodging
  2486 | Temple   | Reached XP level 6. HP: 41/49 MP: 6/6
  2642 | D:4      | XOM: cast spell 'Statue Form'
  2651 | D:4      | XOM: god gift: scroll labeled KEIGAJATIPH {god gift}
  2655 | D:4      | Found Rupem's Food Boutique.
  2696 | D:4      | Found a glowing silver altar of Zin.
  2764 | D:4      | XOM: noise
  2780 | D:4      | XOM: destruction
  2787 | D:3      | Reached skill level 5 in Fighting
  2796 | D:4      | XOM: scenery: create altars
  2811 | D:4      | XOM: fog
  2919 | D:4      | XOM: 2-stop teleportation journey
  2933 | D:4      | Reached skill level 7 in Polearms
  2967 | D:4      | Reached XP level 7. HP: 47/56 MP: 7/7
  3151 | D:4      | Reached skill level 2 in Armour
  3421 | D:4      | XOM: give mutations
  3421 | D:4      | Gained mutation: You are covered in fur. (AC +1) [Xom's grace]
  3421 | D:4      | Gained mutation: Your mind is acute. (Int +2) [Xom's grace]
  3665 | D:4      | XOM: summons friendly crimson imp
  3826 | D:3      | XOM: give mutations
  3826 | D:3      | Gained mutation: You have a pair of small antennae on your head. [Xom's grace]
  3826 | D:3      | Gained mutation: Your spells are a little harder to cast, but a little more powerful. [Xom's grace]
  3961 | D:5      | Entered Level 5 of the Dungeon
  4008 | D:5      | Reached skill level 6 in Dodging
  4011 | D:5      | XOM: god gift: robe {god gift}
  4076 | D:5      | Got a warped zirconium amulet
  4077 | D:5      | Identified the amulet "Daicioso" {Spirit rC- Str+3 Dex+3} (You found it on level 5 of the Dungeon)
  4112 | D:5      | Noticed Grinder
  4114 | D:5      | XOM: god gift: scale mail {god gift}
  4174 | D:5      | XOM: 2-stop teleportation journey
  4191 | D:5      | Noticed Monkfish's ghost (novice KoBe)
  4209 | D:5      | XOM: 3-stop teleportation journey
  4411 | D:5      | Found a basalt altar of Yredelemnul.
  4549 | D:5      | XOM: god gift: 17 stones
  4609 | D:5      | XOM: mild Air miscast
  4773 | D:6      | XOM: noise
  4784 | D:6      | Reached skill level 8 in Polearms
  4861 | D:6      | Found a sparkling altar of Nemelex Xobeh.
  4869 | D:6      | Noticed Duvessa
  4936 | D:6      | Noticed Menkaure
  4945 | D:6      | Killed Menkaure
  4945 | D:6      | Reached XP level 8. HP: 64/64 MP: 8/8
  4974 | D:6      | Noticed Pikel
  4979 | D:6      | XOM: harmless Summ miscast
  4981 | D:6      | XOM: divination: detect creatures
  4993 | D:6      | XOM: cast spell 'Call Canine Familiar'
  4994 | D:6      | XOM: enchant monster (good)
  5003 | D:6      | XOM: potion effect (might)
  5005 | D:6      | Killed Pikel
  5005 | D:6      | Reached skill level 6 in Fighting
  5005 | D:6      | Reached skill level 9 in Polearms
  5005 | D:6      | Reached skill level 3 in Armour
  5005 | D:6      | Reached skill level 7 in Dodging
  5146 | D:6      | Noticed Dowan
  5167 | D:6      | XOM: swap monsters
  5171 | D:6      | Killed Dowan
  5177 | D:6      | Killed Duvessa
  5518 | D:6      | XOM: harmless Conj miscast
  5557 | D:6      | Reached skill level 7 in Fighting
  5557 | D:6      | Reached XP level 9. HP: 58/72 MP: 9/9
  5558 | D:6      | Noticed Zorot's ghost (novice MiFi)
  5560 | D:6      | XOM: potion effect (agility)
  5561 | D:6      | Reached skill level 8 in Dodging
  5571 | D:6      | Noticed Sigmund
  5574 | D:6      | XOM: confusion (+ monsters)
  5627 | D:6      | Reached skill level 4 in Armour
  5628 | D:6      | Killed Sigmund
  5675 | D:6      | XOM: cloud trail
  5862 | D:6      | XOM: confuse monster(s)
  5910 | D:6      | XOM: repel stairs
  5921 | D:6      | XOM: harmless Fire miscast
  5950 | D:7      | XOM: cloud trail
  5974 | D:7      | XOM: summons 2 friendly demons
  5975 | D:7      | XOM: 2-stop teleportation journey
  5999 | D:7      | Reached skill level 10 in Polearms
  6318 | D:7      | XOM: give mutations
  6318 | D:7      | Gained mutation: You have sharp fingernails. [Xom's grace]
  6318 | D:7      | Gained mutation: You are agile. (Dex +2) [Xom's grace]
  6318 | D:7      | Gained mutation: Your flesh is cold resistant. (rC+) [Xom's grace]
  6690 | D:7      | XOM: scenery: create altars
  6732 | D:7      | Reached skill level 9 in Dodging
  6828 | D:7      | XOM: mild Pois miscast
  6860 | D:7      | XOM: medium Tloc miscast
  6864 | D:7      | XOM: confuse monster(s)
  6867 | D:7      | XOM: summons friendly white imp
  7236 | D:8      | XOM: 5-stop teleportation journey
  7245 | D:8      | Reached skill level 8 in Fighting
  7260 | D:8      | XOM: cast spell 'Ice Form'
  7304 | D:8      | Reached skill level 11 in Polearms
  7304 | D:8      | Reached XP level 10. HP: 51/81 MP: 10/10
  7591 | D:8      | Found Ebly's Weapon Shoppe.
  7617 | D:8      | XOM: god gift: leatherbound book {god gift}
  7632 | D:8      | Reached skill level 5 in Armour
  7632 | D:8      | Reached skill level 10 in Dodging
  8138 | D:8      | Found an iron altar of Okawaru.
  8368 | D:9      | Found a snail-covered altar of Cheibriados.
  8368 | D:9      | Found a glowing golden altar of the Shining One.
  8369 | D:9      | Found a white marble altar of Elyvilon.
  8407 | D:9      | Found a staircase to the Orcish Mines.
  8580 | D:9      | Found a deep blue altar of Sif Muna.
  8698 | D:8      | Noticed a centaur warrior
  8707 | D:8      | Killed a centaur warrior
  8707 | D:8      | Reached skill level 9 in Fighting
  8763 | D:8      | XOM: divination: magic mapping
  8773 | D:8      | XOM: cloud trail
  8784 | D:8      | XOM is BORED!
  8784 | D:8      | XOM: stat loss: -3 Int (13/16)
  8986 | D:9      | XOM: divination: magic mapping
  9099 | D:9      | Reached skill level 12 in Polearms
  9117 | D:9      | Noticed Psyche
  9121 | D:9      | XOM: give mutation
  9121 | D:9      | Gained mutation: You are partially covered in yellow scales. (AC +2) [Xom's grace]
  9416 | D:9      | Got a spiked ring mail
  9427 | D:9      | Identified the cursed +0 ring mail "Cijumott" {rPois rF+ Int+4} (You found it on level 9 of the Dungeon)
  9454 | D:9      | XOM: harmless Divn miscast
  9717 | D:9      | Found a blossoming altar of Fedhas.
  9717 | D:9      | Found a burning altar of Makhleb.
  9718 | D:9      | Found a shattered altar of Ashenzari.
  9960 | D:9      | XOM: confusion
 10187 | D:9      | XOM: stat loss: -1 Dex (17/18)
 10219 | D:9      | Killed Psyche
 10219 | D:9      | Reached skill level 11 in Dodging
 10244 | Orc:1    | Entered Level 1 of the Orcish Mines
 10244 | Orc:1    | Noticed an orc knight
 10290 | D:10     | Entered Level 10 of the Dungeon
 10380 | D:10     | XOM: 2-stop teleportation journey
 10384 | D:10     | XOM: blink monster(s)
 10390 | D:10     | XOM: swap monsters
 10393 | D:10     | Reached XP level 11. HP: 83/90 MP: 11/11
 10416 | D:10     | XOM: fog
 10436 | D:10     | Reached skill level 6 in Armour
 10466 | D:10     | Found a staircase to the Lair.
 10470 | D:10     | XOM: confuse monster(s)
 10555 | D:10     | Noticed Harold
 10639 | D:10     | XOM: scenery: create altars
 10695 | D:10     | Noticed a hill giant
 10697 | D:10     | a hill giant changed into a swamp worm
 11156 | D:10     | Reached skill level 10 in Fighting
 11168 | D:10     | XOM: fog
 11173 | D:10     | Noticed Harold
 11173 | D:10     | Harold changed into Harold the elephant
 11173 | D:10     | XOM: polymorph Harold -> Harold the elephant
 11187 | D:10     | Killed Harold the elephant
 11218 | D:10     | XOM: 9-stop teleportation journey
 11432 | D:10     | XOM: silly message
 11578 | D:10     | XOM: harmless Fire miscast
 11619 | D:10     | XOM: harmless Chrm miscast
 11782 | D:10     | Noticed a hill giant
 11784 | D:10     | XOM: summons 3 hostile demons
 11788 | D:10     | XOM: harmless Pois miscast
 11796 | D:10     | XOM: confuse monster(s)
 11807 | D:10     | Killed a hill giant
 11892 | Lair:1   | Entered Level 1 of the Lair of Beasts
 12011 | Lair:1   | Noticed a five-headed hydra
 12049 | Lair:1   | XOM: confusion (+ monsters)
 12303 | D:10     | XOM: summons friendly white imp
 12488 | Lair:1   | XOM: summons 5 hostile demons
 12575 | Lair:1   | XOM: polymorph komodo dragon -> yak
 12648 | Lair:1   | Reached skill level 13 in Polearms
 12889 | Lair:1   | XOM: 2-stop teleportation journey
 12890 | Lair:1   | Noticed a seven-headed hydra
 12901 | Lair:1   | Reached skill level 12 in Dodging
 12951 | Lair:1   | XOM: noise
 12969 | Lair:2   | XOM: enchant monster (bad)
 12978 | Lair:2   | XOM: polymorph wolf -> hell rat
 12998 | Lair:2   | Noticed a five-headed hydra
 13011 | Lair:2   | XOM: polymorph bullfrog -> iguana
 13070 | Lair:2   | Found a staircase to the Shoals.
 13269 | Lair:2   | XOM: mild Tloc miscast
 13274 | Lair:2   | XOM: divination: detect items
 13275 | Lair:2   | XOM: enchant monster (good)
 13276 | Lair:2   | XOM: scenery: create altars
 13499 | Lair:1   | XOM: confuse monster(s)
 13552 | Lair:1   | XOM: scenery: create altars
 13557 | Lair:1   | XOM: confuse monster(s)
 13728 | Lair:2   | Noticed a five-headed hydra
 13760 | Lair:2   | XOM: summons 9 friendly demons
 14004 | Lair:2   | XOM: divination: magic mapping
 14008 | Lair:2   | XOM: divine lightning (protected)
 14174 | Lair:3   | XOM: potion effect (heal wounds)
 14205 | Lair:3   | XOM: harmless Fire miscast
 14210 | Lair:3   | Noticed a six-headed hydra
 14298 | Lair:4   | XOM: potion effect (berserk rage)
 14299 | Lair:4   | Reached skill level 7 in Armour
 14299 | Lair:4   | Reached XP level 12. HP: 99/99 MP: 10/12
 14303 | Lair:4   | XOM: confusion (+ monsters)
 14405 | Lair:4   | XOM: 1-stop teleportation journey
 14438 | Lair:4   | XOM: summons 1 hostile shadow creature
 14466 | Lair:4   | XOM: confusion (+ monsters)
 14469 | Lair:4   | XOM: silly message
 14496 | Lair:5   | XOM: potion effect (might)
 14500 | Lair:5   | Reached skill level 11 in Fighting
 14513 | Lair:5   | Reached skill level 13 in Dodging
 14534 | Lair:5   | Reached skill level 14 in Polearms
 14645 | Lair:5   | XOM: confusion (+ monsters)
 14834 | Lair:5   | XOM: 1-stop teleportation journey
 14842 | Lair:5   | XOM: enchant monster (good)
 14843 | Lair:5   | XOM: confuse monster(s)
 14855 | Lair:5   | XOM: divination: detect items
 15019 | Lair:5   | XOM: potion effect (brilliance)
 15389 | Lair:5   | XOM: harmless Necr miscast
 15463 | Lair:5   | XOM: scenery: create altars
 15544 | Lair:5   | XOM: god gift: 14 gold pieces
 15624 | Lair:5   | Found a staircase to the Slime Pits.
 15679 | Lair:5   | XOM: confuse monster(s)
 15690 | Lair:5   | XOM: give mutation
 15690 | Lair:5   | Gained mutation: You have a pair of antennae on your head. [Xom's grace]
 15806 | Lair:5   | XOM: harmless Tloc miscast
 15822 | Lair:5   | XOM: harmless Air miscast
 15885 | Lair:5   | XOM: noise
 15992 | Lair:6   | Entered Level 6 of the Lair of Beasts
 15993 | Lair:6   | Noticed a soul eater
 16070 | Lair:6   | Noticed an eight-headed hydra
 16123 | Lair:6   | Found a labyrinth entrance.
 16135 | Lair:6   | Noticed a seven-headed hydra
 16141 | Lair:6   | XOM: divination: detect items
 16142 | Lair:6   | XOM: enchant monster (bad)
 16151 | Lab      | XOM: noise
 16151 | Lab      | Entered a labyrinth
 16503 | Lab      | XOM: harmless Hex miscast
 16589 | Lab      | Noticed a minotaur
 16595 | Lab      | Killed a minotaur
 16597 | Lab      | Identified the Compendium of the Enchanting Snowflakes
 16597 | Lab      | Identified the Guide on Poisoning and the Escort
 16628 | Lab      | Identified a -1 rod of clouds (9/9) (You found it in a labyrinth)
 16637 | Lab      | Learned a level 5 spell: Fireball
 16680 | Lair:6   | XOM: summons 4 friendly demons
 16714 | Lair:6   | XOM: 2-stop teleportation journey
 16715 | Lair:6   | Noticed a six-headed hydra
 16721 | Lair:6   | XOM: enchant monster (good)
 16725 | Lair:6   | XOM: potion effect (agility)
 16742 | Lair:6   | XOM: potion effect (haste)
 16812 | Lair:6   | XOM: potion effect (invisibility)
 16825 | Lair:5   | XOM: potion effect (magic)
 16999 | Lair:4   | XOM: summons friendly crimson imp
 17004 | Lair:4   | XOM: cleaving
 17038 | Lair:4   | Reached skill level 1 in Spellcasting
 17038 | Lair:4   | Reached skill level 1 in Conjurations
 17040 | Lair:4   | XOM: enchant monster (good)
 17045 | Lair:4   | Reached skill level 1 in Fire Magic
 17405 | Lair:4   | XOM: give mutations
 17405 | Lair:4   | Lost mutation: Your mind is acute. (Int +2) [Xom's mischief]
 17405 | Lair:4   | Lost mutation: You are covered in fur. (AC +1) [Xom's mischief]
 17510 | Lair:4   | XOM: cast spell 'Spider Form'
 17522 | Lair:4   | Reached XP level 13. HP: 71/107 MP: 12/15
 17535 | Lair:4   | XOM: harmless Chrm miscast
 17600 | Lair:4   | Reached skill level 14 in Dodging
 17746 | Lair:4   | Reached skill level 2 in Spellcasting
 17851 | Lair:4   | XOM: potion effect (berserk rage)
 17857 | Lair:4   | Reached skill level 2 in Conjurations
 17873 | Lair:4   | Learned a level 9 spell: Glaciate
 17906 | Lair:4   | Reached skill level 12 in Fighting
 17941 | Lair:4   | Found a staircase to the Snake Pit.
 17948 | Lair:4   | XOM: divination: magic mapping
 18034 | Lair:4   | XOM: harmless Necr miscast
 18220 | Lair:5   | XOM: enchant monster (good)
 18322 | Lair:6   | Reached skill level 1 in Ice Magic
 18334 | Lair:6   | XOM: cast spell 'Confusing Touch'
 18452 | Lair:4   | XOM: confuse monster(s)
 18604 | Lair:4   | XOM: mild Divn miscast
 18676 | Lair:1   | XOM: stat loss: -1 Int (18/19)
 18685 | Lair:1   | XOM: give mutations
 18685 | Lair:1   | Gained mutation: You occasionally shout uncontrollably at your foes. [Xom's mischief]
 18685 | Lair:1   | Gained mutation: You tend to lose your temper in combat. [Xom's mischief]
 18685 | Lair:1   | Gained mutation: Your body sometimes deteriorates upon taking damage. [Xom's mischief]
 18697 | D:10     | XOM: polymorph six-headed hydra -> death yak
 18705 | D:10     | XOM: mild Ice miscast
 18784 | Orc:1    | XOM: enchant monster (good)
 18999 | D:9      | XOM: harmless Conj miscast
 19271 | Orc:1    | Reached skill level 3 in Spellcasting
 19412 | Orc:2    | Entered Level 2 of the Orcish Mines
 19417 | Orc:2    | Noticed an ogre mage
 19417 | Orc:2    | XOM: cast spell 'Spider Form'
 19474 | D:9      | Reached skill level 15 in Polearms
 19780 | Orc:2    | Noticed an ogre mage
 19782 | Orc:1    | XOM: divination: detect items
 19813 | D:9      | Reached skill level 2 in Ice Magic
 19948 | Orc:1    | Killed an ogre mage
 19977 | Orc:1    | XOM: harmless Tloc miscast
 20012 | D:9      | XOM: harmless Conj miscast
 20149 | D:9      | XOM: give mutations
 20149 | D:9      | Gained mutation: You are partially covered in rugged brown scales. (AC +1, +3% HP) [Xom's grace]
 20149 | D:9      | Gained mutation: You are surrounded by a mild repulsion field. (EV +2) [Xom's grace]
 20149 | D:9      | Gained mutation: You are covered in fur. (AC +1) [Xom's grace]
 20192 | D:9      | XOM: summons 3 hostile shadow creatures
 20208 | D:9      | XOM: give mutation
 20208 | D:9      | Lost mutation: You tend to lose your temper in combat. [Xom's mischief]
 20254 | D:9      | XOM: mild Air miscast
 20334 | Orc:1    | XOM is BORED!
 20334 | Orc:1    | XOM: give mutations
 20334 | Orc:1    | Lost mutation: Your spells are a little harder to cast, but a little more powerful. [Xom's mischief]
 20334 | Orc:1    | Gained mutation: You can translocate small distances at will. [Xom's mischief]
 20334 | Orc:1    | Gained mutation: You are dopey. (Int -2) [Xom's mischief]
 20334 | Orc:1    | Lost mutation: Your body sometimes deteriorates upon taking damage. [Xom's mischief]
 20462 | Orc:1    | XOM: god gift: wand of heal wounds {god gift}
 20519 | Orc:1    | XOM: summons friendly iron imp
 20710 | Orc:1    | XOM: give mutations
 20710 | Orc:1    | Lost mutation: You are dopey. (Int -2) [Xom's grace]
 20710 | Orc:1    | Gained mutation: You passively map a small area around you. [Xom's grace]
 20742 | Orc:1    | Reached skill level 3 in Ice Magic
 20775 | Orc:1    | Reached skill level 4 in Spellcasting
 20980 | Orc:2    | XOM: potion effect (haste)
 21002 | Orc:1    | XOM: fake destruction
 21015 | Orc:2    | XOM: confuse monster(s)
 21026 | Orc:2    | Reached skill level 3 in Conjurations
 21110 | Orc:1    | Reached skill level 4 in Ice Magic
 21169 | Orc:2    | Killed an ogre mage
 21177 | Orc:2    | Found Puczist's Distillery.
 21218 | D:9      | XOM: summons friendly iron imp
 21332 | D:9      | XOM: divination: magic mapping
 21511 | Orc:2    | Found Ahoa's Assorted Antiques.
 21511 | Orc:2    | Found Xaseyfroy's Antique Armour Shoppe.
 21511 | Orc:2    | Found Masuofeu's General Store.
 21525 | Orc:2    | XOM: destruction
 21552 | Orc:2    | Bought a pair of runed boots for 241 gold pieces
 21552 | Orc:2    | Bought a scroll of teleportation for 69 gold pieces
 21731 | Orc:2    | XOM: divination: magic mapping
 21793 | Orc:2    | Found Loekkiad's Weapon Shop.
 21876 | Orc:2    | XOM: mild Tmut miscast
 21898 | Orc:2    | Found a staircase to the Elven Halls.
 22133 | Orc:1    | XOM: blink monster(s)
 22142 | Orc:1    | XOM: swap monsters
 22156 | Orc:1    | XOM: swap monsters
 22170 | Orc:1    | XOM: blink monster(s)
 22430 | Orc:1    | XOM: cleaving
 22720 | Orc:1    | XOM: harmless Chrm miscast
 22800 | Orc:1    | XOM: confusion
 22896 | Orc:2    | Bought a potion of heal wounds for 65 gold pieces
 22899 | Orc:2    | Bought a citrine-encrusted chain mail for 342 gold pieces
 22909 | Orc:2    | Identified the +3 chain mail of the Solstice {rElec Dex+4} (You bought it in a shop on level 2 of the Orcish Mines)
 22970 | D:9      | Reached XP level 14. HP: 119/119 MP: 21/21
 23021 | D:11     | Found a flagged portal.
 23034 | Bailey   | XOM: stealth player
 23034 | Bailey   | Entered a bailey
 23039 | Bailey   | Noticed an orc warlord
 23156 | Bailey   | Found a runed gate.
 23158 | Bailey   | Found a runed gate.
 23160 | Bailey   | Found a runed gate.
 23285 | Bailey   | XOM: summons 6 hostile demons
 23474 | Bailey   | Killed an orc warlord
 23474 | Bailey   | Reached skill level 15 in Dodging
 23474 | Bailey   | Reached skill level 5 in Spellcasting
 23474 | Bailey   | Reached skill level 4 in Conjurations
 23534 | D:11     | XOM: 1-stop teleportation journey
 23554 | D:11     | XOM: chaos upgrade
 23559 | D:11     | Reached skill level 5 in Ice Magic
 23808 | D:11     | XOM: chaos upgrade
 23809 | D:11     | XOM: polymorph yak -> komodo dragon
 23815 | D:11     | XOM: divination: detect items
 23827 | D:11     | XOM: confuse monster(s)
 23858 | D:10     | XOM: polymorph komodo dragon -> faun
 23969 | D:10     | XOM: noise
 24057 | D:11     | XOM: confusion
 24268 | D:11     | XOM: smoke on damage
 24287 | D:11     | Gained mutation: Your muscles are strong. (Str +2) [potion of beneficial mutation]
 24288 | D:11     | Gained mutation: You are somewhat resistant to further mutation. [potion of beneficial mutation]
 24289 | D:11     | Gained mutation: Your mind is acute. (Int +2) [potion of beneficial mutation]
 24391 | D:11     | XOM: polymorph manticore -> snapping turtle
 24412 | D:11     | XOM: divination: detect creatures
 24546 | D:11     | Reached skill level 16 in Polearms
 24738 | D:11     | HP: 21/119 [large slime creature (24)]
 24897 | D:10     | XOM: enchant monster (good)
 24910 | D:10     | XOM: give mutations
 24910 | D:10     | Gained mutation: You have supernaturally acute eyesight. (SInv) [Xom's grace]
 24910 | D:10     | Gained mutation: You passively map the area around you. [Xom's grace]
 24910 | D:10     | Gained mutation: You are somewhat resistant to both further mutation and mutation removal. [Xom's grace]
 24932 | D:11     | XOM: cleaving
 24936 | D:11     | XOM: polymorph very large slime creature -> hill giant
 24943 | D:11     | XOM: scenery: 2 doors close
 24966 | D:11     | XOM: fake destruction
 25253 | D:11     | XOM: god gift: gnarled jewelled staff {god gift}
 25486 | D:12     | XOM: give mutations
 25486 | D:12     | Gained mutation: You have very sharp fingernails. [Xom's grace]
 25486 | D:12     | Gained mutation: Your mind is very acute. (Int +4) [Xom's grace]
 25486 | D:12     | Gained mutation: You are robust. (+10% HP) [Xom's grace]
 25486 | D:12     | Gained mutation: You are very agile. (Dex +4) [Xom's grace]
 25605 | D:12     | XOM: polymorph slime creature -> alligator
 25607 | D:12     | XOM: summons 4 friendly demons
 25617 | D:12     | XOM: summons friendly shadow imp
 25731 | D:12     | XOM: summons friendly crimson imp
 25733 | D:12     | XOM: confuse monster(s)
 25753 | D:12     | XOM: cast spell 'Leda's Liquefaction'
 25757 | D:12     | XOM: cast spell 'Olgreb's Toxic Radiance'
 25896 | D:12     | XOM is BORED!
 25896 | D:12     | XOM: noise
 25941 | D:12     | XOM: silly message
 26015 | D:12     | XOM: cast spell 'Spider Form'
 26017 | D:12     | XOM: harmless Chrm miscast
 26029 | D:12     | XOM: enchant monster (good)
 26044 | D:12     | Got a dazzling plate armour
 26056 | D:12     | Identified the cursed +1 plate armour of Cabludab {MR+ rCorr Int-3 Dex+2} (You took it off a death knight on level 12 of the Dungeon)
 26114 | D:12     | XOM: potion effect (invisibility)
 26115 | D:12     | XOM: mild Erth miscast
 26119 | D:12     | Reached skill level 13 in Fighting
 26228 | D:12     | XOM: potion effect (haste)
 26234 | D:12     | XOM: confuse monster(s)
 26415 | D:12     | XOM: harmless Air miscast
 26487 | D:13     | Reached skill level 6 in Spellcasting
 26815 | D:13     | Reached skill level 6 in Ice Magic
 26850 | D:13     | XOM: summons 1 hostile shadow creature
 26854 | D:13     | XOM: harmless Fire miscast
 26908 | D:13     | XOM: summons 4 hostile demons
 27040 | D:13     | XOM: mild Erth miscast
 27152 | D:13     | Noticed Charly's ghost (journeyman MiBe)
 27157 | D:13     | XOM: summons 2 friendly demons
 27159 | D:13     | XOM: noise
 27191 | D:13     | XOM: polymorph hippogriff -> lindwurm
 27192 | D:13     | XOM: potion effect (heal wounds)
 27193 | D:13     | XOM: blink monster(s)
 27227 | D:13     | XOM: blink monster(s)
 27244 | D:13     | XOM: chaos cloud
 27249 | D:13     | XOM: confuse monster(s)
 27252 | D:13     | XOM: cast spell 'Summon Ice Beast'
 27258 | D:13     | XOM: scenery: create altars
 27260 | D:13     | XOM: potion effect (agility)
 27290 | D:13     | Killed Charly's ghost
 27356 | D:13     | Got a bloodstained flail
 27357 | D:13     | Identified the cursed +1 flail "Cacrieg" {freeze, +Fly} (You found it on level 13 of the Dungeon)
 27509 | D:13     | Noticed Maurice
 27519 | D:13     | Killed Maurice
 27811 | D:13     | Reached skill level 5 in Conjurations
 27985 | D:14     | XOM: harmless Ice miscast
 28018 | D:14     | Found an iron altar of Okawaru.
 28018 | D:14     | XOM: 3-stop teleportation journey
 28022 | D:14     | XOM: give mutation
 28022 | D:14     | Lost mutation: You are somewhat resistant to both further mutation and mutation removal. [Xom's mischief]
 28097 | D:14     | Reached XP level 15. HP: 140/140 MP: 24/24
 28108 | D:14     | XOM: harmless Divn miscast
 28142 | D:14     | XOM: fog
 28145 | D:14     | XOM: 2-stop teleportation journey
 28316 | D:14     | XOM: cleaving
 28453 | D:14     | Reached skill level 16 in Dodging
 28477 | D:14     | XOM: harmless Conj miscast
 28584 | D:14     | XOM: give mutation
 28584 | D:14     | Lost mutation: You are covered in fur. (AC +1) [Xom's mischief]
 28634 | D:15     | Entered Level 15 of the Dungeon
 28665 | D:14     | XOM: enchant monster (good)
 28670 | D:14     | Reached skill level 7 in Ice Magic
 28678 | D:14     | XOM: god gift: scroll labeled CUFUIGRE ISEAH {god gift}
 29173 | Lair:2   | XOM: give mutations
 29173 | Lair:2   | Gained mutation: Your system is resistant to poisons. (rPois) [Xom's grace]
 29173 | Lair:2   | Gained mutation: You have a pair of large antennae on your head. (SInv) [Xom's grace]
 29173 | Lair:2   | Gained mutation: You passively map a large area around you. [Xom's grace]
 29441 | Lair:3   | XOM: blink monster(s)
 29648 | Lair:4   | XOM: swap monsters
 29677 | Lair:4   | XOM: confuse monster(s)
 29685 | Lair:4   | XOM: repel stairs
 29702 | Lair:4   | XOM: confuse monster(s)
 29713 | Lair:4   | XOM: scenery: create altars
 29883 | Lair:5   | XOM: enchant monster (good)
 29907 | Lair:5   | XOM: divination: magic mapping
 29948 | Lair:5   | XOM: harmless Erth miscast
 29949 | Lair:5   | XOM: polymorph 13-headed hydra -> death yak
 29958 | Lair:5   | Reached skill level 17 in Polearms
 30103 | Lair:5   | XOM: cloud trail
 30124 | Lair:6   | XOM: polymorph four-headed hydra -> spark wasp
 30265 | D:9      | XOM: divination: magic mapping
 30419 | Lair:1   | XOM: scenery: create altars
 30570 | Lair:1   | Identified Fikkeowk's Catalogue of Air and Sinister Arts (Xom gifted it to you on level 1 of the Lair of Beasts)
 30570 | Lair:1   | XOM: god gift: Fikkeowk's Catalogue of Air and Sinister Arts
 30585 | Lair:1   | Reached skill level 7 in Spellcasting
 30594 | Lair:1   | Learned a level 6 spell: Deflect Missiles
 31024 | Lair:3   | XOM: confuse monster(s)
 31221 | Lair:3   | XOM: god gift: meat ration
 31256 | Lair:3   | XOM: enchant monster (good)
 31272 | Lair:3   | XOM: mild Divn miscast
 31367 | Lair:3   | XOM: cloud trail
 31428 | Lair:3   | XOM: god gift: 14 stones
 31516 | Lair:3   | XOM: harmless Tloc miscast
 31915 | Lair:6   | XOM: cast spell 'Leda's Liquefaction'
 31918 | Lair:6   | XOM: scenery: create altars
 31922 | Lair:6   | XOM: polymorph seven-headed hydra -> fire dragon
 31927 | Lair:6   | XOM: enchant monster (good)
 31929 | Lair:6   | XOM: cleaving
 32036 | Lair:6   | XOM: cloud trail
 32219 | Lair:6   | XOM: cast spell 'Monstrous Menagerie'
 32221 | Lair:6   | HP: 33/141 [spark wasp (17)]
 32243 | Lair:6   | XOM: divination: magic mapping
 32262 | Lair:6   | XOM: cast spell 'Alistair's Intoxication'
 32527 | Lair:6   | Reached skill level 6 in Conjurations
 32796 | Lair:6   | XOM: god gift: scroll of fog
 32797 | Lair:6   | Reached skill level 8 in Ice Magic
 32859 | Lair:6   | XOM: scenery: create altars
 32882 | Lair:6   | XOM: cast spell 'Shadow Creatures'
 32959 | Lair:6   | XOM: give mutations
 32959 | Lair:6   | Lost mutation: You are partially covered in yellow scales. (AC +2) [Xom's mischief]
 32959 | Lair:6   | Lost mutation: You are surrounded by a mild repulsion field. (EV +2) [Xom's mischief]
 32959 | Lair:6   | Lost mutation: You have a pair of large antennae on your head. (SInv) [Xom's mischief]
 32959 | Lair:6   | Lost mutation: Your flesh is cold resistant. (rC+) [Xom's mischief]
 33081 | Lair:6   | XOM: confusion (+ monsters)
 33084 | Lair:6   | XOM: enchant monster (good)
 33191 | Lair:6   | Found a snail-covered altar of Cheibriados.
 33256 | Lair:6   | XOM: god gift: 19 gold pieces
 33295 | Lair:6   | HP: 34/141 [spark wasp/living lightning (24)]
 33754 | Lair:6   | Reached skill level 14 in Fighting
 33833 | Lair:4   | XOM: polymorph crocodile -> basilisk
 33851 | Lair:4   | XOM: destruction
 33869 | Snake:1  | Entered Level 1 of the Snake Pit
 33990 | Snake:1  | Found Lechipot's Food Shop.
 34010 | Snake:1  | XOM: enchant monster (good)
 34106 | Snake:1  | XOM: enchant monster (bad)
 34112 | Snake:1  | Reached XP level 16. HP: 96/150 MP: 27/27
 34284 | Snake:1  | Found Ecoetaz's Antique Armour Boutique.
 34292 | Snake:1  | Bought a transparent ring mail for 342 gold pieces
 34302 | Snake:1  | Identified the +4 ring mail "Hun Xinnits" {rN+ Str+4} (You bought it in a shop on level 1 of the Snake Pit)
 34310 | Snake:1  | Bought a shimmering ring mail for 342 gold pieces
 34320 | Snake:1  | Identified the +1 ring mail of Winilig {*Corrode +Inv Str+9} (You bought it in a shop on level 1 of the Snake Pit)
 34466 | Snake:1  | XOM: medium Air miscast
 34474 | Snake:1  | HP: 33/150 [shock serpent/electric aura (21)]
 34474 | Snake:1  | HP: 15/150 [shock serpent/bolt of electricity (17)]
 34717 | Snake:1  | XOM: give mutations
 34717 | Snake:1  | Lost mutation: You can translocate small distances at will. [Xom's mischief]
 34717 | Snake:1  | Lost mutation: You are robust. (+10% HP) [Xom's mischief]
 34803 | Snake:1  | XOM: give mutations
 34803 | Snake:1  | Lost mutation: You are very agile. (Dex +4) [Xom's mischief]
 34803 | Snake:1  | Lost mutation: You are somewhat resistant to further mutation. [Xom's mischief]
 34905 | Snake:1  | Reached skill level 8 in Spellcasting
 34911 | Snake:1  | XOM: swap monsters
 34916 | Snake:1  | XOM: confusion
 34922 | Snake:1  | HP: 34/136 [anaconda (3)]
 34937 | Snake:1  | HP: 22/136 [mana viper (17)]
 35297 | Lair:2   | XOM: enchant monster (good)
 35495 | Shoals:1 | Entered Level 1 of the Shoals
 35499 | Shoals:1 | XOM: destruction
 35618 | Lair:2   | XOM: enchant monster (bad)
 35631 | Lair:2   | HP: 14/136 [alligator snapping turtle (25)]
 35638 | Lair:2   | HP: 32/136 [alligator snapping turtle (20)]
 35641 | Lair:2   | Mangled by an alligator snapping turtle

Skill      XL: |  1  2  3  4  5  6  7  8  9 10 11 12 13 14 15 16 |
---------------+-------------------------------------------------+-----
Dodging        | 3 4 5 6 7 9 11 12 13 14 15 16 | 16.9
Polearms       | 5 6 7 8 9 11 12 13 14 15 16 17 | 17.7
Fighting       | 4 5 7 8 9 10 11 12 13 14 | 14.2
Armour         | 1 2 3 4 5 7 |  7.7
Spellcasting   | 1 4 6 7 8 |  8.0
Conjurations   | 1 3 5 6 |  6.7
Fire Magic     | 1 |  1.9
Ice Magic      | 4 6 8 |  8.9

Action                   |  1- 3 |  4- 6 |  7- 9 | 10-12 | 13-15 | 16-18 || total
-------------------------+-------+-------+-------+-------+-------+-------++-------
Melee: Spear             |   146 |   269 |   423 |       |       |       ||   838
       Tailslap          |     2 |       |       |     2 |       |       ||     4
       Halberd           |       |       |    40 |  1004 |   385 |       ||  1429
       Unarmed           |       |       |    14 |     7 |     5 |       ||    26
       Glaive            |       |       |       |       |  1582 |   123 ||  1705
       Hand axe          |       |       |       |       |    59 |     9 ||    68
Throw: Stone             |       |       |     1 |       |       |       ||     1
       Throwing net      |       |       |       |     1 |       |       ||     1
Evoke: Wand              |       |       |     9 |    10 |    11 |     7 ||    37
       Phantom mirror    |       |       |       |     1 |       |       ||     1
       Sack of spiders   |       |       |       |       |     3 |     4 ||     7
  Use: Scroll            |       |     3 |    12 |    19 |    16 |     1 ||    51
       Potion            |       |       |     3 |     3 |     6 |     5 ||    17
 Stab: Petrified         |     3 |     2 |     5 |       |    12 |       ||    22
       Distracted        |     1 |       |       |     2 |     8 |       ||    11
       Confused          |     1 |     1 |     5 |     3 |     9 |       ||    19
       Paralysed         |       |    12 |    33 |       |    12 |       ||    57
       Petrifying        |       |     2 |     3 |     2 |     1 |       ||     8
       Sleeping          |       |       |     5 |    11 |       |       ||    16
       Invisible         |       |       |       |       |     3 |       ||     3
  Eat: Chunk             |     1 |     6 |    13 |    18 |    30 |     3 ||    71
       Beef jerky        |       |       |     1 |     3 |     1 |     1 ||     6
       Fruit             |       |       |       |     5 |     2 |       ||     7
       Pizza             |       |       |       |     1 |     4 |       ||     5
       Royal jelly       |       |       |       |     1 |       |       ||     1
       Bread ration      |       |       |       |     1 |     4 |       ||     5
Armor: Leather armour    |    26 |    48 |    51 |    19 |       |       ||   144
       Skin              |       |       |     2 |     1 |     1 |       ||     4
       Ring mail         |       |       |       |   181 |   347 |    24 ||   552
       Chain mail        |       |       |       |       |    48 |       ||    48
Dodge: Dodged            |    62 |   101 |   159 |   760 |  1923 |   138 ||  3143
Block: Other             |       |       |       |       |    56 |    10 ||    66
       Reflection        |       |       |       |       |     1 |     1 ||     2

Vault maps used:
D:1:      lightli_arrival_farm, feat_on_display
D:3:      nicolae_overflow_hidden_temple
D:4:      zin_scriptorium, serial_shops, shop, serial_undead, serial_undead_f,
          serial_undead_b, serial_undead_e, serial_undead_f, serial_undead_a,
          serial_undead_b
D:5:      lemuel_zombie_altar_yredelemnul, first_bread, minmay_misc_feat_room,
          minivault_26, uniq_grinder
D:6:      nemelex_dance_club_becter, uniq_pikel, uniq_sigmund, uniq_duvessa,
          uniq_menkaure
D:7:      lightli_corner_chamber
D:8:      kb_forest_paths, basic_altar, serial_shops, shop
D:9:      nicolae_overflow_quartered_altars,
          gammafunk_temple_overflow_forgotten, david_orc_3, uniq_psyche
D:10:     minmay_lair_entry_lava, uniq_harold
D:11:     enter_bailey_2
D:12:     four-leaf_vault
D:13:     david_vaults_5, uniq_maurice
D:14:     hangedman_abyss_or_decor_jellyfish_corner, basic_altar
D:15:     grunt_enter_depths_magical_seal, corexii_hall_statues_x,
          minmay_more_statues
Temple:   eino_temple_lava
Lair:2:   shoals_dummy_entry, grunt_forest_stairs_clearing
Lair:3:   grunt_megastairs_1
Lair:4:   dummy_snake_entry, lookout_lair_type, serial_bayou_shore_a
Lair:5:   nicolae_slime_entry_slimehenge
Lair:6:   minmay_lair_end_enchanted_forest, lab_entry_generic,
          kennysheep_snail_temple, bh_autumn_forest_stairs
Shoals:1: serial_shops, nicolae_shop_behind_doors
Snake:1:  minmay_shoptagon
Orc:2:    st_orc_ogre_mass, serial_shops, nicolae_shop_crystal
Lab:      labyrinth_hidden_loot, nicolae_lab_plus
Bailey:   bailey_axe_bossmonster_kennysheep, bailey

Table legend:
 A = Turns spent in this place as a percentage of turns spent in the entire game.
 B = Non-inter-level travel turns spent in this place as a percentage of non-inter-level travel turns spent in the entire game.
 C = Inter-level travel turns spent in this place as a percentage of turns spent in this place.
 D = Turns resting spent in this place as a percentage of non-inter-level travel turns spent in this place.
 E = Turns spent auto-exploring this place as a percentage of non-inter-level travel turns spent in this place.
 F = Non-inter-level travel turns spent in this place divided by the number of levels of this place that you've seen.
                   A       B       C       D       E      F
               +-------+-------+-------+-------+-------+----------------------
         Total | 100.0 | 100.0 |   0.5 |   3.0 |   5.3 | 449.9
       Dungeon |  49.2 |  49.2 |   0.4 |   2.9 |   6.8 | 413.3
        Temple |   0.2 |   0.2 |   0.0 |   8.0 |   0.0 |  25.0
          Lair |  31.8 |  31.8 |   0.8 |   3.3 |   4.3 | 666.7
        Shoals |   0.1 |   0.1 |   0.0 |  14.3 |   0.0 |  14.0
     Snake Pit |   3.3 |   3.3 |   0.0 |   6.1 |   3.9 | 412.0
  Orcish Mines |   8.3 |   8.3 |   0.5 |   3.7 |   4.0 | 520.5
     Labyrinth |   4.2 |   4.2 |   0.0 |   0.0 |   0.0 | 534.0
        Bailey |   2.9 |   2.9 |   0.0 |   0.0 |   4.1 | 370.0
               +-------+-------+-------+-------+-------+----------------------

Table legend:
 A = Kills in this place as a percentage of kills in entire the game.
 B = Kills by you in this place as a percentage of kills by you in the entire game.
 C = Kills by friends in this place as a percentage of kills by friends in the entire game.
 D = Other kills in this place as a percentage of other kills in the entire game.
 E = Experience gained in this place as a percentage of experience gained in the entire game.
 F = Experience gained in this place divided by the number of levels of this place that you have seen.
                   A       B       C       D       E      F
               +-------+-------+-------+-------+-------+----------------------
         Total | 100.0 | 100.0 | 100.0 | 100.0 | 100.0 | 5019.9
       Dungeon |  53.8 |  53.6 |  40.0 | 100.0 |  38.8 | 3636.2
        Temple |   0.2 |   0.3 |   0.0 |   0.0 |   0.1 | 124.0
          Lair |  26.0 |  25.9 |  46.7 |   0.0 |  38.0 | 8902.2
        Shoals |   0.1 |   0.1 |   0.0 |   0.0 |   0.3 | 365.0
     Snake Pit |   3.2 |   3.3 |   0.0 |   0.0 |  10.6 | 14915.0
  Orcish Mines |  12.8 |  13.1 |   6.7 |   0.0 |   9.9 | 6948.5
     Labyrinth |   0.4 |   0.3 |   6.7 |   0.0 |   0.6 | 812.0
        Bailey |   3.4 |   3.5 |   0.0 |   0.0 |   1.8 | 2488.0
               +-------+-------+-------+-------+-------+----------------------
